 Dungeon Crawl Stone Soup version 0.28-a0-998-gb9e9c7b67e (webtiles) character file.

Game seed: 6938649594856000537

2 ffractal the Grave Robber (level 1, 0/13 HPs)
             Began as a Vampire Necromancer on Dec 5, 2021.
             Frozen to death by an endoplasm (2 damage)
             ... on level 1 of the Dungeon.
             The game lasted 00:10:30 (785 turns).

ffractal the Grave Robber (Vampire Necromancer)      Turns: 785, Time: 00:10:31

Health: 0/13       AC:  2    Str:  7    XL:     1   Next: 33%
Magic:  0/3        EV: 12    Int: 17    God:
Gold:   2          SH:  0    Dex: 14    Spells: 3/4 levels left

rFire   . . .      SeeInvis +   (no weapon)
rCold   . . .      Faith    .   (no shield)
rNeg    . . .      Spirit   .   a - +0 robe
rPois   .          Reflect  .   (no helmet)
rElec   .          Harm     .   (no cloak)
rCorr   .          Rampage  .   (no gloves)
Will    .....                   (no boots)
Stlth   ++........              (no amulet)
HPRegen 0.24/turn               (no ring)
MPRegen 0.08/turn               (no ring)

@: healing quickly
A: alive, fangs 3, see invisible, vampiric 1
a: Exsanguinate


You were on level 1 of the Dungeon.
You visited 1 branch of the dungeon, and saw 1 of its levels.

You collected 2 gold pieces.

Inventory:

Missiles
 b - 19 arrows
 c - 18 bolts
Armour
 a - a +0 robe (worn)


   Skills:
 + Level 2.2 Dodging
 + Level 3.1 Stealth
 + Level 2.0 Spellcasting
 + Level 4.5 Necromancy


You had 3 spell levels left.
You knew the following spells:

 Your Spells              Type           Power      Damage    Failure   Level
a - Pain                  Necr           68%        1d7       3%          1

Your spell library contained the following spells:

 Spells                   Type           Power      Damage    Failure   Level
 Animate Skeleton         Necr           34%        N/A       3%          1
 Vampiric Draining        Necr           17%        2d7       9%          3
 Animate Dead             Necr           8%         N/A       30%         4
 Agony                    Necr           17%        N/A       63%         5


Dungeon Overview and Level Annotations

Branches:
Dungeon (1/15)

Altars:


Innate Abilities, Weirdness & Mutations

Your natural rate of healing is accelerated.
You have razor-sharp teeth.
You have supernaturally acute eyesight. (SInv)
You are afflicted with vampirism.


Message History

The hobgoblin barely resists.
You miscast Pain.
You are very lightly contaminated with residual magic.
Nothing appears to happen.
You are too depleted to draw on your mana recklessly!
You are too depleted to draw on your mana recklessly!
You are too depleted to draw on your mana recklessly!
You are too depleted to draw on your mana recklessly!
You are too depleted to draw on your mana recklessly!
The hobgoblin completely misses you.
You are too depleted to draw on your mana recklessly!
The hobgoblin misses you.
You are too depleted to draw on your mana recklessly!
You are too depleted to draw on your mana recklessly!
You are too depleted to draw on your mana recklessly!
You are too depleted to draw on your mana recklessly!
The hobgoblin hits you.
You are too depleted to draw on your mana recklessly!
The endoplasm hits you.
Your magical contamination has completely faded away.
You are too depleted to draw on your mana recklessly!
The frilled lizard hisses angrily.
You are too depleted to draw on your mana recklessly!
A hobgoblin comes into view.
The endoplasm misses you.
You are too depleted to draw on your mana recklessly!
The goblin enters a dispersal trap!
The frilled lizard blinks!
The hobgoblin blinks! x2; The endoplasm blinks! x2; The frilled lizard blinks!
The hobgoblin blinks!
You blink.
Found 9 gold pieces.
The goblin blinks!
The endoplasm freezes you.
You are frozen.
The goblin writhes in agony.
The hobgoblin shouts!
The goblin barely misses you. The endoplasm freezes you.
You are frozen.
* * * LOW HITPOINT WARNING * * *
The endoplasm freezes you.
You are frozen.
You die...

#......# ###.
#####.### $
#...##.###.#
#.#.#.#.#....#
.§.......#.###
..8.....8..##
...........#
...gg....J.#
#.......g@.#
#..^.>.....#
#....l.....#
#.8.....8§##
#.........#
###..######
#.. #.


You could see an endoplasm, 2 hobgoblins, a goblin and a frilled lizard.

Vanquished Creatures
  A giant cockroach (D:1)
  A frilled lizard (D:1)
  A rat (D:1)
3 creatures vanquished.

Notes
Turn   | Place    | Note
-------+----------+-------------------------------------------
     0 | D:1      | ffractal the Vampire Necromancer began the quest for the
                  | Orb.
     0 | D:1      | Reached XP level 1. HP: 13/13 MP: 3/3
   785 | D:1      | Frozen to death by an endoplasm

Illustrated notes

Levels and vault maps discovered:
D:1:      dpeg_arrival_boxes_within_box, layout_loops_cross,
          shapermc_ecumenical_altar_notcrosses, st_stairs_1,
          minmay_misc_feat_roman, chequers_serial_rivers_micro_a

Action                   || total
-------------------------++-------
 Cast: Pain              ||     9
  Use: Scroll            ||     1
Armor: Robe              ||     2
Dodge: Dodged            ||    12

Table legend: (Time is in decaauts)
 A = Elapsed time spent in this place.
 B = Non-inter-level travel time spent in this place.
 C = Inter-level travel time spent in this place.
 D = Time resting spent in this place.
 E = Time spent auto-exploring this place.
 F = Levels seen in this place.
 G = Mean time per level.
                   A        B        C        D        E       F      G
               +--------+--------+--------+--------+--------+-----+--------+
         Total |    785 |    785 |      0 |      0 |     37 |   1 |  785.0 |
       Dungeon |    785 |    785 |      0 |      0 |     37 |   1 |  785.0 |
               +--------+--------+--------+--------+--------+-----+--------+

Top non-repeatable levels by time:
     D:1: 785 daAuts
